 Dungeon Crawl Stone Soup version 0.18-a0-1805-g8ab820f (webtiles) character file.

264 warlockg3 the Ducker (level 5, 0/53 HPs)
             Began as a Troll Fighter on Apr 25, 2016.
             Was an Initiate of Okawaru.
             Succumbed to an orc wizard's poison
             ... on level 4 of the Dungeon.
             The game lasted 00:12:04 (2487 turns).

warlockg3 the Ducker (Troll Fighter)                Turns: 2487, Time: 00:12:05

Health: 0/53       AC:  5    Str: 22 (25) XL:     5   Next: 98%
Magic:  4/4        EV:  8    Int:  3 (4)  God:    Okawaru [......]
Gold:   154        SH:  8    Dex:  8 (9)  Spells: 0 memorised, 4 levels left

rFire  . . .     SeeInvis .       - Unarmed
rCold  . . .     Gourm    +     a - +0 robe
rNeg   . . .     Faith    .     b - +0 shield
rPois  .         Spirit   .     (helmet restricted)
rElec  .         Dismiss  .     (no cloak)
rCorr  .         Reflect  .     (gloves unavailable)
SustAt .         Harm     .     (boots unavailable)
MR     .....     Rnd*Tele +     (no amulet)
Stlth  +.........               (no ring)
                                h - ring of teleportation (curse)

@: lethally poisoned (0 -> -28), flying, not resistant to hostile enchantments,
very unstealthy
A: unfitting armour, claws 3, fast metabolism 3, gourmand, regeneration 2,
shaggy fur 1, tough skin 2
a: Renounce Religion


You were on level 4 of the Dungeon.
You worshipped Okawaru.
Okawaru was noncommittal.
You were hungry.

You visited 1 branch of the dungeon, and saw 4 of its levels.

You collected 154 gold pieces.

Inventory:

Armour
 a - a +0 robe (worn)
 b - a +0 shield (worn)
Jewellery
 h - a cursed ring of teleportation (left claw)
 r - an uncursed amulet of guardian spirit
 u - an uncursed ring of flight {unknown}
Wands
 w - a wand of random effects (42/48)
Scrolls
 f - a scroll of recharging {unknown}
 g - a scroll of blinking {unknown}
 i - 5 scrolls of identify {unknown}
 n - 2 scrolls of amnesia {unknown}
 o - 2 scrolls of remove curse {unknown}
 q - a scroll of enchant armour {unknown}
 s - a scroll of teleportation {unknown}
Potions
 c - a potion of might
 m - a potion of haste {unknown}
 t - 2 potions of brilliance {unknown}
 v - 2 potions of agility {unknown}
Books
 p - a book of Summonings

   Spells                             Type                      Level
   a - Recall                         Summoning/Translocation      3
   b - Aura of Abjuration             Summoning                    5
   c - Summon Demon                   Summoning                    5
   d - Summon Forest                  Summoning/Translocation      5
   e - Summon Mana Viper              Hexes/Summoning              5
   f - Shadow Creatures               Summoning                    6
Comestibles
 d - 2 bread rations
 j - a fruit


   Skills:
 * Level 3.1 Fighting
 * Level 4.0 Dodging
 + Level 3.3 Shields
 * Level 3.3 Unarmed Combat


You had 4 spell levels left.
You didn't know any spells.

Dungeon Overview and Level Annotations

Branches:
Dungeon (4/15)             Temple (0/1) D:4

Altars:
Ashenzari
Okawaru
Trog


Innate Abilities, Weirdness & Mutations

You are too large for most types of armour.
You have claws for hands.
Your metabolism is lightning-fast.
You like to eat raw meat.
You heal very quickly.
You are covered in fur (AC +1).
You have very tough skin (AC +2).


Message History

You are lethally poisoned!
Something hits you.
* * * LOW HITPOINT WARNING * * *
You miss something.
* * * LOW HITPOINT WARNING * * *
You feel sick. Something hits you.
* * * LOW HITPOINT WARNING * * *
You are more poisoned.
You closely miss something.
* * * LOW HITPOINT WARNING * * *
You feel very sick. Something hits you but does no damage.
You are more poisoned.
Something hits you but does no damage.
You are more poisoned.
Drink which item? (? for menu, Esc to quit)
It was a potion of flight.
You feel very buoyant.
You fly up into the air.
You die...

############# #
#............
#.#............
#.............. #
#............ #
#.......[..!. #
#.#####{# # #.....)@#
#########
#######)########..[....#
#>.[.....'........
#.########.......# #.#
#########
#.################
#.................
........##########
#..........#......


There were no monsters in sight!

Vanquished Creatures
  An orc priest (D:4)
  3 orc wizards (D:4)
  6 adders
  2 oozes
  An adder skeleton (D:4)
  2 dart slugs (D:1)
  2 giant geckos
  2 orcs (D:4)
  5 giant cockroaches
  8 goblins
  8 hobgoblins
  16 jackals
  2 quokkas (D:3)
  2 ball pythons
  A ball python skeleton (D:4)
  5 bats
  4 giant newts
  A jackal skeleton (D:4)
  8 kobolds
  5 rats
84 creatures vanquished.

Notes
Turn   | Place    | Note
--------------------------------------------------------------
     0 | D:1      | warlockg3 the Troll Fighter began the quest for the Orb.
     0 | D:1      | Reached XP level 1. HP: 22/22 MP: 0/0
    40 | D:1      | Reached XP level 2. HP: 18/29 MP: 1/1
   327 | D:1      | Reached XP level 3. HP: 30/36 MP: 2/2
   806 | D:2      | Reached skill level 3 in Dodging
   838 | D:2      | Found a bloodstained altar of Trog.
  1050 | D:2      | Reached XP level 4. HP: 44/44 MP: 3/3
  1179 | D:2      | Found an iron altar of Okawaru.
  1220 | D:2      | Became a worshipper of Warmaster Okawaru
  2202 | D:4      | Reached XP level 5. HP: 40/53 MP: 4/4
  2280 | D:4      | Found a shattered altar of Ashenzari.
  2322 | D:4      | Found a staircase to the Ecumenical Temple.
  2462 | D:4      | Reached skill level 4 in Dodging
  2486 | D:4      | HP: 2/53 [poisoned by an orc wizard]
  2487 | D:4      | Succumbed to an orc wizard's poison

Vault maps used:
D:1:      dpeg_arrival_windows_large_door
D:2:      kennysheep_okawaru_gauntlet, first_bread, dk_noncrumbling_3, trog_book
D:3:      minmay_liquid_box
D:4:      overflow_temple_1_default, temple_fountains,
          eino_small_chamber_without_monster, uniq_duvessa, uniq_blork_the_orc,
          uniq_grinder

Skill      XL: |  1  2  3  4  5 |
---------------+----------------+-----
Shields        | 3 |  3.3
Dodging        | 3 4 |  4.0
Unarmed Combat | 3 |  3.3
Fighting       | 3 |  3.1

Action                   |  1- 3 |  4- 6 || total
-------------------------+-------+-------++-------
Melee: Unarmed           |   154 |   123 ||   277
  Use: Potion            |       |     3 ||     3
 Stab: Sleeping          |     1 |     2 ||     3
  Eat: Bread ration      |     1 |     3 ||     4
       Fruit             |     1 |       ||     1
       Chunk             |     1 |       ||     1
Armor: Robe              |    49 |    53 ||   102
Dodge: Dodged            |    39 |    46 ||    85
Block: Shield            |    79 |    82 ||   161
